 Dungeon Crawl Stone Soup version 0.25-a0-927-g39f137c8b7 (webtiles) character file.

Game seed: 15478596642547343960, levelgen mode: deterministic

165 DildoBatman the Conjurer (level 5, 0/35 HPs)
             Began as a Formicid Wizard on May 3, 2020.
             Engulfed by a cloud of noxious fumes (2 damage)
             ... on level 3 of the Dungeon.
             The game lasted 00:09:19 (2606 turns).

DildoBatman the Conjurer (Formicid Wizard)          Turns: 2606, Time: 00:09:19

Health: 0/35       AC:  3    Str: 14    XL:     5   Next: 74%
Magic:  6/9        EV: 12    Int: 18    God:
Gold:   154        SH:  0    Dex:  9    Spells: 3/10 levels left

rFire    . . .     SeeInvis +   b - +2 short sword (speed)
rCold    . . .     Gourm    .   (no shield)
rNeg     . . .     Faith    .   y - +0 robe
rPois    .         Spirit   .   (helmet unavailable)
rElec    .         Reflect  .   (no cloak)
rCorr    +         Harm     .   d - +0 pair of gloves (curse)
MR       .....                  (no boots)
Stlth    +.........             (no amulet)
HPRegen  0.11/turn              g - ring of resist corrosion
MPRegen  0.11/turn              u - +2 ring of strength

@: confused
A: permanent stasis, dig shafts and tunnels, four strong arms, antennae 3
a: Dig, Shaft Self


You were on level 3 of the Dungeon.
You were hungry.

You visited 1 branch of the dungeon, and saw 4 of its levels.

You collected 154 gold pieces.

Inventory:

Hand Weapons
 a - a +0 hunting sling
 b - a +2 short sword of speed (weapon)
 e - a +2 mace of protection
Missiles
 c - 23 arrows
 n - 13 boomerangs
 o - 31 poisoned darts
 p - 42 bolts
 q - 212 stones (quivered)
Armour
 d - a cursed +0 pair of gloves (worn)
 y - a +0 robe (worn)
Jewellery
 g - a ring of resist corrosion (left hand)
 k - an uncursed ring of protection from magic
 u - a +2 ring of strength (right hand)
Scrolls
 h - a scroll of enchant armour {unknown}
 s - a scroll of immolation
 x - a scroll of remove curse
 z - 5 scrolls of identify
Potions
 f - 5 potions of flight {unknown}
 i - 2 potions of resistance {unknown}
 l - 3 potions of heal wounds {unknown}
 m - 3 potions of curing
 t - 2 potions of haste {unknown}
Comestibles
 j - 2 chunks of flesh
 v - 4 rations


   Skills:
 - Level 1.7 Dodging
 - Level 2.4 Stealth
 - Level 3.2 Spellcasting
 * Level 4.7 Conjurations
   Level 1.0 Summonings
   Level 0.8 Translocations
 * Level 0.0 Fire Magic
 * Level 0.0 Air Magic


You had 3 spell levels left.
You knew the following spells:

 Your Spells              Type           Power        Failure   Level  Hunger
a - Conjure Flame         Conj/Fire      ##......     19%         3    ###....
c - Magic Dart            Conj           ###.         2%          1    None
e - Mephitic Cloud        Conj/Pois/Air  #.......     26%         3    ###....

Your spell library contained the following spells:

 Spells                   Type           Power        Failure   Level  Hunger
 Call Imp                 Summ           #.......     16%         2    ##.....
 Slow                     Hex            #.......     24%         2    ##.....
 Blink                    Tloc           Unusable     N/A         2    N/A

Dungeon Overview and Level Annotations

Branches:
Dungeon (4/15)
 Temple: D:4-7

Altars:
Ashenzari
Cheibriados
Okawaru
Ru
Trog

Annotations:
D:1 Robin, Terence
D:2 2 exclusions
D:3 exclusions: orc priest and 2 sensed monsters (detected)


Innate Abilities, Weirdness & Mutations

You cannot be hasted, slowed, berserked, paralysed or teleported.
You can dig through walls and to a lower floor.
Your four strong arms can wield two-handed weapons with a shield.
You have a pair of large antennae on your head. (SInv)


Message History

The iguana is moderately wounded.
The stinking cloud engulfs you but does no damage.
You are engulfed in noxious fumes.
You choke on the stench!
You are confused.
The iguana is engulfed in noxious fumes.
The iguana appears confused.
The iguana barely misses you.
You bump into the rock wall.
You are engulfed in noxious fumes.
You choke on the stench!
You are more confused.
The iguana is engulfed in noxious fumes.
The iguana appears confused.
The iguana bites you!
You bump into the rock wall.
You are engulfed in noxious fumes.
You choke on the stench!
You are more confused.
You die...

......................#### ...#..
#...##.#..###.####.......######.#
..#.......# #..####.##.#..##....#
....##.##.####..)...##...>......#
....##.##....#####..............#
....##.#####...####....##.##.#...
.#####.#######..#####...#....#...
##._.##.......#..####.#......##..
8.....#####....○@..##.##...#.....
...⌠..# #...○l##....##.#...#...
.....## #...°○###......##..#...
...### ###.### #....####.?#.#.
'### #.# ##....# #......
.############.####.....#####.....
.......[.............[...........
##..............#.##.#########...
#....<..[...##...##.#########...


You could see an iguana (confused).

Vanquished Creatures
  A jelly (D:2)
  A worker ant (D:3)
  4 adders
  2 oozes
  A worm (D:3)
  2 dart slugs
  An orc (D:3)
  2 ball pythons
  2 giant cockroaches
  16 goblins
  4 hobgoblins
  7 jackals (D:1)
  A quokka (D:4)
  A bat (D:3)
  5 frilled lizards
  3 kobolds (D:1)
  6 rats
59 creatures vanquished.

Vanquished Creatures (others)
  2 leopard geckos (D:4)
2 creatures vanquished.

Grand Total: 61 creatures vanquished

Notes
Turn   | Place    | Note
-------+----------+-------------------------------------------
     0 | D:1      | DildoBatman the Formicid Wizard began the quest for the
                  | Orb.
     0 | D:1      | Reached XP level 1. HP: 13/13 MP: 4/4
    37 | D:1      | Reached skill level 1 in Conjurations
   170 | D:1      | Reached XP level 2. HP: 19/19 MP: 0/6
   271 | D:1      | Found a shattered altar of Ashenzari.
   347 | D:1      | Reached skill level 2 in Conjurations
   507 | D:1      | Reached XP level 3. HP: 24/24 MP: 3/7
   522 | D:1      | Learned a level 3 spell: Conjure Flame
   526 | D:1      | Learned a level 3 spell: Mephitic Cloud
   722 | D:1      | You fall into a shaft and drop 1 floor!
  1044 | D:2      | Reached skill level 3 in Conjurations
  1122 | D:2      | Reached XP level 4. HP: 23/30 MP: 5/8
  1124 | D:2      | Noticed Robin
  1460 | D:2      | Noticed Terence
  1611 | D:2      | Found a bloodstained altar of Trog.
  1611 | D:2      | Found an iron altar of Okawaru.
  1825 | D:3      | Reached skill level 4 in Conjurations
  1825 | D:3      | Reached XP level 5. HP: 35/35 MP: 4/9
  1904 | D:3      | Found a sacrificial altar of Ru.
  1904 | D:3      | Found a snail-covered altar of Cheibriados.
  2606 | D:3      | Engulfed by a cloud of noxious fumes

Levels and vault maps discovered:
D:1:      lemuel_arrival_tunnels, layout_basic, evilmike_ruin_ashenzari
D:2:      layout_rooms, grunt_temple_overflow_open, uniq_robin, uniq_terence
D:3:      layout_rooms, gammafunk_temple_overflow_pools, bh_walls_and_bars
D:4:      layout_cave_pods, xom_confusion_cloud

Skill      XL: |  1  2  3  4 |
---------------+-------------+-----
Conjurations   | 1 2 3 4 |  4.7
Dodging        | |  1.7
Stealth        | |  2.4
Spellcasting   | |  3.2
Summonings     | |  1.0
Translocations | |  0.8

Action                   |  1- 3 |  4- 6 || total
-------------------------+-------+-------++-------
Melee: Short sword       |    18 |    32 ||    50
 Cast: Magic Dart        |    56 |    81 ||   137
       Mephitic Cloud    |       |     2 ||     2
 Abil: Dig               |     1 |     4 ||     5
  Use: Scroll            |       |     4 ||     4
  Eat: Chunk             |     1 |     4 ||     5
Armor: Robe              |       |    11 ||    11
Dodge: Dodged            |    20 |    39 ||    59

Table legend:
 A = Non-vault XP
 B = Vault XP
 C = Vault XP percentage of total XP
 D = Non-vault monster count
 E = Vault monster count
 F = Vault count percentage of total count
                 A         B        C        D         E       F
            +---------+---------+-------+---------+---------+-------
      Total |     217 |      19 |   8.1 |      49 |      10 |  16.9
            +---------+---------+-------+---------+---------+-------
        D:1 |      46 |      11 |  19.3 |      21 |       6 |  22.2
        D:2 |      69 |       8 |  10.4 |       8 |       4 |  33.3
        D:3 |     100 |       0 |   0.0 |      19 |       0 |   0.0
        D:4 |       2 |       0 |   0.0 |       1 |       0 |   0.0
            +---------+---------+-------+---------+---------+-------
